 Dungeon Crawl Stone Soup version 0.18-a0-1078-gebb93d0 (webtiles) character file.

5577 4thArraOfDagon the Protected (level 10, -18/78 HPs)
             Began as a Demigod Monk on Jan 14, 2016.
             Demolished by a hill giant
             ... wielding a +0 giant spiked club
              (31 damage)
             ... on level 12 of the Dungeon.
             The game lasted 00:32:11 (6196 turns).

4thArraOfDagon the Protected (Demigod Monk)         Turns: 6196, Time: 00:32:12

Health: -18/78     AC: 28    Str: 16    XL:     10   Next: 21%
Magic:  13/13      EV: 10    Int: 14    God:
Gold:   364        SH:  0    Dex: 27    Spells: 3 memorised, 2 levels left

rFire  . . .     SeeInvis .     s - +0 lajatang
rCold  + . .     Gourm    .     t - +8 plate armour of Modesty {rC+ Str+2 Dex+4}
rNeg   . . .     Faith    .     (shield currently unavailable)
rPois  .         Spirit   .     m - +0 helmet
rElec  .         Dismiss  .     (no cloak)
rCorr  .         Reflect  .     f - +0 pair of gloves
SustAt +         Harm     .     (no boots)
MR     +....     Clarity  +     g - amulet of magic regeneration
Stlth  ..........               (no ring)
                                (no ring)

@: very slightly contaminated, hasted, very quick, somewhat resistant to hostile
enchantments, extremely unstealthy
A: rough black scales 1, clarity, high mp 1, sustain attributes
a: no special abilities


You were on level 12 of the Dungeon.
You were not hungry.

You visited 1 branch of the dungeon, and saw 12 of its levels.

You collected 364 gold pieces.

Inventory:

Hand Weapons
 r - a +0 blowgun
 s - a +0 lajatang (weapon)
Armour
 e - a +0 ring mail
 f - a +0 pair of gloves (worn)
 m - a +0 helmet (worn)
 t - the +8 plate armour of Modesty (worn) {rC+ Str+2 Dex+4}
   (You found it on level 6 of the Dungeon)

   It affects your strength (+2).
   It affects your dexterity (+4).
   It protects you from cold.
Jewellery
 g - an amulet of magic regeneration (around neck)
Wands
 c - a wand of hasting (2/9)
 o - a wand of enslavement (0/24)
 u - a wand of flame (1/48)
 w - a wand of digging (17/24)
 D - a wand of lightning (1/15)
Scrolls
 a - 3 scrolls of enchant weapon {unknown}
 h - 2 scrolls of enchant armour {unknown}
 i - 6 scrolls of remove curse
 l - a scroll of random uselessness {unknown}
 n - 3 scrolls of fog {unknown}
 p - a scroll of amnesia
 x - a scroll of holy word {unknown}
Potions
 d - 2 potions of magic
 A - a potion of lignification
 B - a potion of brilliance
Comestibles
 b - 6 bread rations
 j - 4 meat rations
 k - 4 fruits
 z - a slice of pizza


   Skills:
 - Level 4.1 Fighting
 * Level 7.9 Staves
 * Level 8.5 Armour
 + Level 6.9 Dodging
 - Level 1.7 Stealth
 - Level 5.7 Unarmed Combat


You had 2 spell levels left.
You knew the following spells:

 Your Spells              Type           Power        Failure   Level  Hunger
a - Passage of Golubria   Tloc           N/A          100%        4    #####..
b - Swiftness             Chrm/Air       #.......     100%        2    ###....
c - Apportation           Tloc           #.........   100%        1    ##.....


Dungeon Overview and Level Annotations

Branches:
Dungeon (12/15)            Temple (0/1) D:6            Lair (0/8) D:10
    Orc: D:9-12

Shops:
D:7 =%[(

Annotations:
D:3 ater218's ghost, amateur HuFi
D:7 Joseph


Innate Abilities, Weirdness & Mutations

You have an increased reservoir of magic (+10% MP).
Your attributes are resistant to harm.
You are partially covered in rough black scales (AC +4, Dex -1).
You possess an exceptional clarity of mind.


Message History

You hit the hill giant.
The hill giant is heavily wounded.
You completely miss the hill giant.
The hill giant is heavily wounded.
The hill giant hits you with a giant spiked club!
You hit the hill giant but do no damage.
The hill giant is heavily wounded.
You slash the hill giant!
The hill giant is severely wounded.
The hill giant hits you with a giant spiked club!
* * * LOW HITPOINT WARNING * * *
All of the chunks of flesh in your inventory have rotted away.
You are too injured to fight recklessly!
You are too injured to fight recklessly!
You hit the hill giant.
The hill giant is severely wounded.
You barely miss the hill giant.
The hill giant is severely wounded.
The hill giant hits you with a giant spiked club!!
You die...

#.....# ..>.
#.....#.....
#.....#C..
##.....'.
#......#
#......#
#......#
####.C.#
#.@.# #####


You could see a hill giant.

Vanquished Creatures
  A hill giant (D:12)
  Pikel (D:5)
  A centaur zombie (D:10)
  3 orc warriors
  A shadow (D:11)
  A wraith (D:11)
  A yak (D:8)
  A hungry ghost (D:10)
  3 hippogriffs
  2 slaves (D:5)
  2 ice beasts
  A sky beast (D:10)
  A phantom (D:12)
  6 ogres
  3 centaurs
  2 big kobolds (D:7)
  4 giant frogs
  A gnoll sergeant (D:7)
  A water moccasin zombie (D:7)
  3 scorpions
  A giant frog zombie (D:5)
  2 crimson imps
  A wasp zombie (D:9)
  A giant frog skeleton (D:10)
  3 hounds
  A centaur skeleton (D:8)
  5 orc priests
  2 gnoll shamans (D:7)
  An iguana (D:6)
  8 orc wizards
  7 worker ants
  5 sheep
  8 gnolls (D:7)
  6 adders
  2 shadow imps
  A giant gecko (D:1)
  33 orcs
  3 bats
  A giant cockroach (D:8)
  2 kobolds (D:3)
  3 quokkas
  A ball python (D:1)
  A giant newt (D:6)
  A goblin (D:2)
  4 fungi (D:7)
142 creatures vanquished.

Vanquished Creatures (collateral kills)
  An ogre (D:7)
  2 gnoll shamans (D:7)
  A gnoll (D:7)
  3 orcs (D:7)
7 creatures vanquished.

Vanquished Creatures (others)
  A gnoll shaman (D:7)
  An ice beast (D:7)
  An ogre (D:7)
  2 orc wizards (D:6)
  2 plants (D:7)
7 creatures vanquished.

Grand Total: 156 creatures vanquished

Notes
Turn   | Place    | Note
--------------------------------------------------------------
     0 | D:1      | 4thArraOfDagon the Demigod Monk began the quest for the Orb.
     0 | D:1      | Reached XP level 1. HP: 18/18 MP: 3/3
   262 | D:3      | Noticed ater218's ghost (amateur HuFi)
   348 | D:3      | Reached XP level 2. HP: 22/25 MP: 4/4
   502 | D:5      | Entered Level 5 of the Dungeon
   539 | D:4      | Noticed a phantom
   590 | D:5      | Noticed a slave
   757 | D:7      | Noticed a hippogriff
   819 | D:5      | Found a blossoming altar of Fedhas.
   861 | D:5      | Reached skill level 4 in Unarmed Combat
   861 | D:5      | Reached XP level 3. HP: 17/31 MP: 5/5
  1390 | D:5      | Reached XP level 4. HP: 20/38 MP: 6/6
  1557 | D:6      | Found a staircase to the Ecumenical Temple.
  1697 | D:6      | Reached skill level 5 in Unarmed Combat
  1697 | D:6      | Reached XP level 5. HP: 33/45 MP: 7/7
  1770 | D:6      | Found a glowing golden altar of the Shining One.
  1813 | D:6      | Got a polished plate armour
  1814 | D:6      | Noticed an orc warrior
  1833 | D:7      | Identified the +8 plate armour of Modesty {rC+ Str+2 Dex+4} (You found it on level 6 of the Dungeon)
  1843 | D:7      | Found Kuebleepn's Food Boutique.
  1868 | D:7      | Noticed an ogre
  1891 | D:8      | Noticed a wyvern
  1895 | D:7      | Killed an ogre
  1895 | D:7      | Reached skill level 1 in Armour
  2147 | D:7      | Reached XP level 6. HP: 52/52 MP: 8/8
  2369 | D:7      | Reached skill level 1 in Staves
  2369 | D:7      | Reached XP level 7. HP: 56/59 MP: 9/9
  2472 | D:7      | Killed an orc warrior
  3081 | D:7      | Gained mutation: You possess an exceptional clarity of mind. [potion of mutation]
  3081 | D:7      | Gained mutation: You are partially covered in rough black scales (AC +4, Dex -1). [potion of mutation]
  3182 | D:8      | Noticed a hippogriff
  3203 | D:8      | Killed a hippogriff
  3203 | D:8      | Reached XP level 8. HP: 31/66 MP: 10/10
  3241 | D:8      | Reached skill level 5 in Dodging
  3478 | D:7      | Found Eluny's Jewellery Shoppe.
  3577 | D:8      | Found a stormy altar of Qazlal.
  3599 | D:9      | Reached skill level 5 in Armour
  3611 | D:9      | Found a shadowy altar of Dithmenos.
  3775 | D:8      | Reached skill level 5 in Staves
  3872 | D:7      | Found Qoumunor's Weapon Shop.
  3886 | D:7      | Noticed Joseph
  4165 | D:5      | Noticed Pikel
  4184 | D:5      | Killed Pikel
  4184 | D:5      | Reached skill level 6 in Staves
  4184 | D:5      | Reached XP level 9. HP: 46/71 MP: 11/11
  4434 | D:7      | Found Fohaveimm's Armour Shoppe.
  4529 | D:9      | Found a glowing silver altar of Zin.
  4810 | D:10     | Entered Level 10 of the Dungeon
  4950 | D:10     | Reached skill level 7 in Armour
  5054 | D:10     | Paralysed by fainting for 7 turns
  5097 | D:10     | Learned a level 4 spell: Passage of Golubria
  5100 | D:10     | Learned a level 2 spell: Swiftness
  5333 | D:10     | Learned a level 1 spell: Apportation
  5377 | D:11     | Noticed a hill giant
  5403 | D:10     | Found a staircase to the Lair.
  5753 | D:11     | Reached skill level 8 in Armour
  5753 | D:11     | Reached XP level 10. HP: 47/78 MP: 13/13
  5809 | D:11     | jacquesderrida: daaaaang
  5814 | D:11     | Noticed a cyclops
  5827 | D:11     | jacquesderrida: Have you seen the new unrandart shield
  5840 | D:10     | 4thArraOfDagon: w00t
  5840 | D:10     | 4thArraOfDagon: shield
  5840 | D:10     | 4thArraOfDagon: got the link?
  5852 | D:10     | jacquesderrida: +6 warlock mirror or something
  5870 | D:10     | jacquesderrida: It's a medium shield of reflection
  5870 | D:10     | 4thArraOfDagon: ohh
  5870 | D:10     | jacquesderrida: That refrects everything
  5885 | D:11     | jacquesderrida: Even hexes and such
  5911 | D:11     | jacquesderrida: Vampire knights paralyze themselves
  5911 | D:11     | 4thArraOfDagon: lol
  5911 | D:11     | jacquesderrida: Even smites are being reflected if I remember correctly!
  5911 | D:11     | 4thArraOfDagon: o wow
  5960 | D:11     | Noticed a cyclops
  6012 | D:12     | Noticed a hill giant
  6028 | D:12     | Killed a hill giant
  6035 | D:12     | Noticed a fire crab
  6035 | D:12     | a hippogriff changed into a fire crab
  6038 | D:12     | 4thArraOfDagon: o wow
  6093 | D:12     | jacquesderrida: Warlock's Mirror[1/2]: Allows reflection of piercing effects & enchantments, among other things. Extra fun with anything that boosts your SH beyond what a buckler can get you!
  6104 | D:12     | jacquesderrida: Warlock's Mirror[2/2]: Base type is a +6 buckler.
  6196 | D:12     | Demolished by a hill giant

Vault maps used:
D:1:      mrwooster_arrival_statue_2
D:2:      first_bread, supply_closet_lemuel
D:3:      grunt_temple_overflow_open, marbit_many_paths,
          nicolae_overflow_crystal_walls
D:4:      grunt_ministairs_2
D:5:      fedhas_altar_3, serial_co_window_serial, co_window_paths_b,
          co_window_corner_a, co_window_corner_a, co_window_corner_a,
          co_window_paths_b, co_window_2corner, co_window_2corner,
          co_window_unsneaky_path_a, co_window_corner_b, co_window_cross_2,
          co_window_unsneaky_path_d, glass_columns_a, glass_columns_c,
          glass_columns_c, glass_columns_a, glass_columns_a, uniq_pikel
D:6:      minmay_temple_entry_overgrown, basic_altar, bh_chokoban,
          grunt_decor_cap
D:7:      kennysheep_seaside_town, serial_shops, nicolae_shop_trees, shop,
          nicolae_shop_waterfront, shop, uniq_joseph
D:8:      serial_shops, nicolae_shop_stone, basic_altar, elyvilon_altar_4
D:9:      grunt_dithmenos_shadows, zin_academy, serial_shops, nicolae_shop_trees
D:10:     lair_0_dummy
D:11:     erik_orc_4, hangedman_tell_no_tales

Action                   |  1- 3 |  4- 6 |  7- 9 | 10-12 || total
-------------------------+-------+-------+-------+-------++-------
Melee: Unarmed           |   101 |   138 |   359 |       ||   598
       Lajatang          |       |       |   299 |    75 ||   374
Evoke: Wand              |       |     9 |    10 |     5 ||    24
  Use: Scroll            |     4 |     1 |     6 |     2 ||    13
       Potion            |     1 |     1 |     4 |     1 ||     7
 Stab: Sleeping          |     2 |       |       |       ||     2
  Eat: Fruit             |       |     6 |       |       ||     6
       Chunk             |       |       |    20 |     2 ||    22
